3AA
ATLANTIC CITY SONICS @ SALEM MISFITS
07/29/2022
 
TOP OF THE 1ST
Atlantic City Sonics batting - Pitching for Salem Misfits : RHP Pancho Pantoja
Pitching: RHP Pancho Pantoja
Batting: RHB Ralph Turner 0-0: Called Strike
0-1: Foul Ball, location: 2F
0-2: Strikes out swinging
Batting: LHB Kip Burks 0-0: Foul Ball, location: 2F
0-1: Ball
1-1: Ground out 6-3 (Groundball, 6)
Batting: LHB Francisco Ortega 0-0: Called Strike
0-1: Ball
1-1: Ball
2-1: Foul Ball, location: 2F
2-2: Ground out 6-3 (Groundball, 6)
Top of the 1st over - 0 run(s), 0 hit(s), 0 error(s), 0 left on base; Atlantic City 0 - Salem 0
BOTTOM OF THE 1ST
Salem Misfits batting - Pitching for Atlantic City Sonics : RHP William Bonner
Pitching: RHP William Bonner
Batting: SHB Emílio Gonzáles 0-0: Ball
1-0: Called Strike
1-1: DOUBLE (Line Drive, 8LS)
Batting: RHB Miguel Torres 0-0: Ball
1-0: Ball
2-0: Swinging Strike
2-1: Foul Ball, location: 2F
2-2: Ball
3-2: Strikes out swinging
Batting: RHB Steve Duncan 0-0: Ball
1-0: Ball
Wild Pitch!
Emílio Gonzáles to third
2-0: Foul Ball, location: 2F
2-1: Ball
Wild Pitch!
Emílio Gonzáles scores
3-1: Base on Balls
Batting: RHB Luis Martínez 0-0: Foul Ball, location: 2F
0-1: Foul Ball, location: 2F
0-2: DOUBLE (Flyball, 8LM)
Steve Duncan to third
Batting: SHB Arturo Romero 0-0: Ball
1-0: SINGLE (Groundball, 4M)
Steve Duncan scores
Luis Martínez to third
Runner from 3rd tries for Home, throw and OUT!
Batting: RHB Héctor Cantú 0-0: Ball
1-0: Called Strike
1-1: Ball
2-1: Fly out, F9 (Flyball, 89M)
Bottom of the 1st over - 2 run(s), 3 hit(s), 0 error(s), 1 left on base; Atlantic City 0 - Salem 2
TOP OF THE 2ND
Atlantic City Sonics batting - Pitching for Salem Misfits : RHP Pancho Pantoja
Batting: RHB Martín Álvarez 0-0: Ball
1-0: Called Strike
1-1: Called Strike
1-2: Ball
2-2: Ground out 4-3 (Groundball, 4)
Batting: LHB Pedro López 0-0: Ball
1-0: Ball
2-0: SOLO HOME RUN (Flyball, 89XD), Distance : 411 ft
Batting: RHB Marty Hayden 0-0: Called Strike
0-1: Swinging Strike
0-2: Ground out 6-3 (Groundball, 56)
Batting: SHB David Snyder 0-0: SINGLE (Groundball, 56)
Batting: LHB Dale Parkinson 0-0: Ball
David Snyder is caught stealing 2nd base
Top of the 2nd over - 1 run(s), 2 hit(s), 0 error(s), 0 left on base; Atlantic City 1 - Salem 2
BOTTOM OF THE 2ND
Salem Misfits batting - Pitching for Atlantic City Sonics : RHP William Bonner
Batting: LHB Jim Unknown 0-0: Called Strike
0-1: Ball
1-1: Called Strike
1-2: Strikes out swinging
Batting: RHB Jim Unknown 0-0: Called Strike
0-1: Fly out, F6 (Line Drive, 6)
Batting: LHB Jim Unknown 0-0: Called Strike
0-1: Ball
1-1: Fly out, F8 (Flyball, 8RS)
Bottom of the 2nd over - 0 run(s), 0 hit(s), 0 error(s), 0 left on base; Atlantic City 1 - Salem 2
TOP OF THE 3RD
Atlantic City Sonics batting - Pitching for Salem Misfits : RHP Pancho Pantoja
Batting: LHB Dale Parkinson 0-0: Called Strike
0-1: SINGLE (Line Drive, 56)
Batting: RHB Bob Ethridge 0-0: Swinging Strike
0-1: Ball
1-1: Ball
2-1: Ball
3-1: Called Strike
3-2: Grounds into double play, U3-6 (Groundball, 3L)
Batting: RHB Ralph Turner 0-0: Called Strike
0-1: Ball
1-1: Swinging Strike
1-2: Strikes out swinging
Top of the 3rd over - 0 run(s), 1 hit(s), 0 error(s), 0 left on base; Atlantic City 1 - Salem 2
BOTTOM OF THE 3RD
Salem Misfits batting - Pitching for Atlantic City Sonics : RHP William Bonner
Batting: SHB Emílio Gonzáles 0-0: Ball
1-0: Ball
2-0: Ground out 2-3 (Groundball, 2R)
Batting: RHB Miguel Torres 0-0: Foul Ball, location: 2F
0-1: Fly out, F9 (Flyball, 89M)
Batting: RHB Steve Duncan 0-0: Fly out, F9 (Flyball, 9S)
Bottom of the 3rd over - 0 run(s), 0 hit(s), 0 error(s), 0 left on base; Atlantic City 1 - Salem 2
TOP OF THE 4TH
Atlantic City Sonics batting - Pitching for Salem Misfits : RHP Pancho Pantoja
Batting: LHB Kip Burks 0-0: Ball
1-0: Called Strike
1-1: Foul Ball, location: 2F
1-2: Ground out 3-1 (Groundball, 34S)
Batting: LHB Francisco Ortega 0-0: Ball
1-0: DOUBLE (Line Drive, 7LS)
Batting: RHB Martín Álvarez 0-0: Called Strike
0-1: Swinging Strike
0-2: Strikes out swinging
Batting: LHB Pedro López 0-0: Swinging Strike
0-1: Ball
1-1: Ball
2-1: DOUBLE (Line Drive, 8LXD)
Francisco Ortega scores
Batting: RHB Marty Hayden 0-0: Ball
1-0: TRIPLE (Flyball, 8RM)
Pedro López scores
Batting: SHB David Snyder 0-0: Swinging Strike
0-1: Ball
1-1: Ball
2-1: Ball
3-1: Foul Ball, location: 2F
3-2: Base on Balls
Batting: LHB Dale Parkinson 0-0: Ball
1-0: Ball
2-0: Called Strike
2-1: Ground out 4-3 (Groundball, 34)
Top of the 4th over - 2 run(s), 3 hit(s), 0 error(s), 2 left on base; Atlantic City 3 - Salem 2
BOTTOM OF THE 4TH
Salem Misfits batting - Pitching for Atlantic City Sonics : RHP William Bonner
Batting: RHB Luis Martínez 0-0: Called Strike
0-1: Ball
1-1: Ball
2-1: Ball
3-1: Base on Balls
Batting: SHB Arturo Romero 0-0: Ball
1-0: Called Strike
1-1: Ball
2-1: Foul Ball, location: 2F
2-2: 2-RUN HOME RUN (Flyball, 9D), Distance : 380 ft
Batting: RHB Héctor Cantú 0-0: Ball
1-0: SINGLE (Groundball, 3L)
Batting: LHB Jim Unknown 0-0: Ball
1-0: Swinging Strike
1-1: Fielders Choice at 2nd, 1-6 (Groundball, 13S)
Batting: RHB Jim Unknown 0-0: Ball
1-0: Called Strike
1-1: Ball
2-1: Ball
3-1: Foul Ball, location: 2F
3-2: SINGLE (Groundball, 56)
Jim Unknown to second
Jim Unknown to third
Batting: LHB Jim Unknown 0-0: Ball
1-0: Swinging Strike
1-1: Called Strike
1-2: Foul Ball, location: 2F
1-2: Ball
2-2: Foul Ball, location: 2F
2-2: Fielders Choice at 2nd, 4-6 (Groundball, 4)
Jim Unknown scores
Batting: SHB Emílio Gonzáles 0-0: Ball
1-0: Ball
2-0: Called Strike
2-1: Foul Ball, location: 2F
2-2: Fly out, F8 (Flyball, 8RM)
Bottom of the 4th over - 3 run(s), 3 hit(s), 0 error(s), 1 left on base; Atlantic City 3 - Salem 5
TOP OF THE 5TH
Atlantic City Sonics batting - Pitching for Salem Misfits : RHP Pancho Pantoja
Batting: RHB Bob Ethridge 0-0: Called Strike
0-1: Foul Ball, location: 2F
0-2: Fly out, F6 (Line Drive, 56)
Batting: RHB Ralph Turner 0-0: Ball
1-0: Called Strike
1-1: Foul Ball, location: 2F
1-2: Fly out, F7 (Flyball, 78M)
Batting: LHB Kip Burks 0-0: Ball
1-0: Ball
2-0: Foul Ball, location: 2F
2-1: Fly out, F7 (Flyball, 78S)
Top of the 5th over - 0 run(s), 0 hit(s), 0 error(s), 0 left on base; Atlantic City 3 - Salem 5
BOTTOM OF THE 5TH
Salem Misfits batting - Pitching for Atlantic City Sonics : RHP William Bonner
Batting: RHB Miguel Torres 0-0: Ball
1-0: Called Strike
1-1: Ball
2-1: Foul Ball, location: 2F
2-2: Ground out 5-3 (Groundball, 5S)
Batting: RHB Steve Duncan 0-0: Ball
1-0: Called Strike
1-1: Swinging Strike
1-2: Foul Ball, location: 2F
1-2: Foul Ball, location: 2F
1-2: Ball
2-2: Ball
3-2: Strikes out looking
Batting: RHB Luis Martínez 0-0: Ball
1-0: Ground out 6-3 (Groundball, 6)
Bottom of the 5th over - 0 run(s), 0 hit(s), 0 error(s), 0 left on base; Atlantic City 3 - Salem 5
TOP OF THE 6TH
Atlantic City Sonics batting - Pitching for Salem Misfits : RHP Pancho Pantoja
Batting: LHB Francisco Ortega 0-0: Ball
1-0: Ball
2-0: Ball
3-0: Foul Ball, location: 2F
3-1: Foul Ball, location: 2F
3-2: Base on Balls
Batting: RHB Martín Álvarez 0-0: Ball
1-0: Fly out, F3 (Popup, 3F)
Batting: LHB Pedro López 0-0: Ball
1-0: Fly out, F7 (Flyball, 7M)
Batting: RHB Marty Hayden 0-0: Ball
Francisco Ortega steals 2nd base
1-0: Ball
2-0: Ball
3-0: Called Strike
3-1: Called Strike
3-2: Base on Balls
Batting: SHB David Snyder 0-0: Foul Ball, location: 2F
0-1: Swinging Strike
0-2: Strikes out swinging
Top of the 6th over - 0 run(s), 0 hit(s), 0 error(s), 2 left on base; Atlantic City 3 - Salem 5
BOTTOM OF THE 6TH
Salem Misfits batting - Pitching for Atlantic City Sonics : RHP William Bonner
Batting: SHB Arturo Romero 0-0: Foul Ball, location: 2F
0-1: Ball
1-1: Ball
2-1: Ball
3-1: Called Strike
3-2: Base on Balls
Batting: RHB Héctor Cantú 0-0: Sac Bunt - play at first, batter OUT! 1-3
Arturo Romero to second
Batting: LHB Jim Unknown 0-0: Ball
1-0: Ball
2-0: Called Strike
2-1: Ground out 4-3 (Groundball, 34D)
Arturo Romero to third
Batting: RHB Jim Unknown 0-0: Fly out, F7 (Line Drive, 78M)
Bottom of the 6th over - 0 run(s), 0 hit(s), 0 error(s), 1 left on base; Atlantic City 3 - Salem 5
TOP OF THE 7TH
Atlantic City Sonics batting - Pitching for Salem Misfits : RHP Pancho Pantoja
Batting: LHB Dale Parkinson 0-0: Ground out U3 (Groundball, 3)
Batting: RHB Bob Ethridge 0-0: Fly out, F3 (Line Drive, 34)
Batting: RHB Ralph Turner 0-0: Called Strike
0-1: Ball
1-1: Ball
2-1: Foul Ball, location: 2F
2-2: SOLO HOME RUN (Flyball, 89XD), Distance : 403 ft
Batting: LHB Kip Burks 0-0: Called Strike
0-1: Ball
1-1: Fly out, F7 (Line Drive, 7M)
Top of the 7th over - 1 run(s), 1 hit(s), 0 error(s), 0 left on base; Atlantic City 4 - Salem 5
BOTTOM OF THE 7TH
Salem Misfits batting - Pitching for Atlantic City Sonics : RHP William Bonner
Batting: LHB Jim Unknown 0-0: Called Strike
0-1: Swinging Strike
0-2: Ball
1-2: Foul Ball, location: 2F
1-2: Strikes out swinging
Batting: SHB Emílio Gonzáles 0-0: Ball
1-0: Ball
2-0: Ground out 5-3 (Groundball, 56S)
Batting: RHB Miguel Torres 0-0: SINGLE (Line Drive, 78S)
Batting: RHB Steve Duncan 0-0: Foul Ball, location: 2F
0-1: Called Strike
0-2: Strikes out swinging
Bottom of the 7th over - 0 run(s), 1 hit(s), 0 error(s), 1 left on base; Atlantic City 4 - Salem 5
TOP OF THE 8TH
Atlantic City Sonics batting - Pitching for Salem Misfits : RHP Pancho Pantoja
Batting: LHB Francisco Ortega 0-0: Fly out, F7 (Flyball, 78M)
Batting: RHB Martín Álvarez 0-0: Fly out, F5 (Line Drive, 5)
Batting: LHB Pedro López 0-0: Ball
1-0: Foul Ball, location: 2F
1-1: Swinging Strike
1-2: Ground out 5-3 (Groundball, 56S)
Top of the 8th over - 0 run(s), 0 hit(s), 0 error(s), 0 left on base; Atlantic City 4 - Salem 5
BOTTOM OF THE 8TH
Salem Misfits batting - Pitching for Atlantic City Sonics : RHP William Bonner
Batting: RHB Luis Martínez 0-0: Swinging Strike
0-1: Ball
1-1: Ball
2-1: Swinging Strike
2-2: Fly out, F5 (Popup, 56S)
Pitching: LHP Miguel Canó
Batting: SHB Arturo Romero 0-0: Called Strike
0-1: Ball
1-1: Foul Ball, location: 2F
1-2: Foul Ball, location: 2F
1-2: Ground out 4-3 (Groundball, 4)
Batting: RHB Héctor Cantú 0-0: Foul Ball, location: 2F
0-1: Called Strike
0-2: Strikes out looking
Bottom of the 8th over - 0 run(s), 0 hit(s), 0 error(s), 0 left on base; Atlantic City 4 - Salem 5
TOP OF THE 9TH
Atlantic City Sonics batting - Pitching for Salem Misfits : RHP Pancho Pantoja
Pitching: RHP Sean LeBlanc
Batting: RHB Marty Hayden 0-0: Called Strike
0-1: Ground out 6-3 (Groundball, 6)
Pinch Hitting: LHB Neal Hart 0-0: Called Strike
0-1: Fly out, F7 (Line Drive, 7M)
Batting: LHB Dale Parkinson 0-0: Ball
1-0: Called Strike
1-1: Called Strike
1-2: DOUBLE (Flyball, 7LM)
Pinch Hitting: RHB Edgar Stephenson 0-0: Swinging Strike
0-1: Ball
1-1: Ball
2-1: Ball
3-1: Foul Ball, location: 2F
3-2: Strikes out swinging
Top of the 9th over - 0 run(s), 1 hit(s), 0 error(s), 1 left on base; Atlantic City 4 - Salem 5
This league is powered by Out of the Park Baseball, the baseball management simulation game for PC, Mac and Linux
Friday, April 15th, 2016 - OOTP Baseball 16.9 Build 39